AoeStats
← Philip Morris

Arabian Desert

510513216Analyzed
1v1 RM · 1d ago on Oct 1, 2026· 31m 47s· 2 players
Game mode
Random Map
Map size
Tiny (2 player)
Population
200
Speed
Normal
Resources
Standard
Victory
Conquest
Starting age
Dark Age
Ending age
Imperial Age
RankedLock teamsTeams togetherTeam positionsShared explorationLock speedFull tech treeHidden civsTurbo modeCheats
Victory
Defeat
🇦🇷 Goths · Argentina
1221
+15
🇩🇪 Danes · Germany
1206
-15
ihate
10:08 Feudal Age
8:26 Loom
10:12 Feudal Age
13:06 Man-at-Arms
15:15 Arson
27:25 Castle Age
26:34 Fletching
Philip Morris
0:29 Loom
12:53 Feudal Age
12:56 Man-at-Arms
14:42 Double-Bit Axe
16:33 Forging
17:05 Fletching
20:32 Horse Collar
24:45 Gold Mining
27:53 Castle Age
26:04 Stone Mining
29:52 Crossbowman
30:34 Padded Archer Armor
Connection lost

Rejoining the realm…

Still unreachable

The connection could not be restored.

Session expired

The server has moved on; the page needs a fresh start.